 Seeded DCSS version 0.28.0-62-gf88900778d (webtiles) character file.

Game seed: 817364486559478969 (custom seed)

22 Mickster the Covered (level 2, -3/25 HPs)
             Began as a Demigod Fighter on Feb 21, 2023.
             Slain by Crazy Yiuf
             ... wielding a +3 quarterstaff of chaos
              (12 damage)
             ... on level 2 of the Dungeon.
             The game lasted 00:13:20 (1168 turns).

Mickster the Covered (Demigod Fighter)              Turns: 1168, Time: 00:13:21

Health: -3/25      AC:  7    Str: 17    XL:     2   Next: 51%
Magic:  4/4        EV:  9    Int: 10    God:
Gold:   9          SH:  5    Dex: 13    Spells: 1/1 levels left

rFire   x . .      SeeInvis .   m - +2 mace (drain)
rCold   + . .      Faith    .   c - +1 buckler
rNeg    . . .      Spirit   .   b - +0 scale mail
rPois   .          Reflect  .   l - +0 helmet
rElec   .          Harm     .   (no cloak)
rCorr   .          Rampage  .   (no gloves)
Will    .....                   (no boots)
Stlth   ..........              (no amulet)
HPRegen 0.08/turn               h - ring of ice
MPRegen 0.09/turn               (no ring)

@: mighty
A: high MP 1, forlorn, divine attributes
a: no special abilities


You were on level 2 of the Dungeon.
You visited 1 branch of the dungeon, and saw 2 of its levels.

You collected 9 gold pieces.

Inventory:

Hand Weapons
 a - a +2 war axe
 e - a +0 dagger of venom
 f - a +0 club
 k - a +0 spear
 m - a +2 mace of draining (weapon)
Missiles
 g - 32 stones
 i - 21 bolts
 j - 4 poisoned darts (quivered)
Armour
 b - a +0 scale mail (worn)
 c - a +1 buckler (worn)
 l - a +0 helmet (worn)
Jewellery
 h - a ring of ice (left hand)


   Skills:
 + Level 2.8 Fighting
 - Level 0.1 Short Blades
 - Level 2.1 Axes
 + Level 3.0 Armour
 + Level 2.9 Shields


You had one spell level left.
You didn't know any spells.
Your spell library was empty.

Dungeon Overview and Level Annotations

Branches:
Dungeon (2/15)

Shops:
D:1 (

Annotations:
D:2 Crazy Yiuf


Innate Abilities, Weirdness & Mutations

You have an increased reservoir of magic. (+10% MP)
You shall have no god before yourself.
Your divine heritage dramatically boosts your attributes as you level up.


Message History

You finish putting on your +0 helmet.
As you read the scroll of enchant weapon, it crumbles to dust.
Your +1 war axe glows red for a moment.
Found a whip.
Found 4 poisoned darts.
You see here 4 poisoned darts.
j - 4 poisoned darts
Found a mace.
Found a mace and a glowing mace.
You see here a +0 mace.
Found five maces and two runed maces.
Found a runed translucent door.
You see here a +2 mace of draining.
m - a +2 mace of draining You sense an unholy aura.
m - a +2 mace of draining (weapon)
Found a mace.
Crazy Yiuf shouts!
Crazy Yiuf says, "Scoff aubergine alas!"
You see here a +0 mace.
You see here a +0 mace.
Found a mace, a glowing mace and a bone mace.
You see here a +0 mace.
You feel very mighty all of a sudden. As you open the door, it creaks loudly!
Crazy Yiuf cries, "Whippet forty-two unthinkable!"
You completely miss Crazy Yiuf. You block Crazy Yiuf's attack.
You sock Crazy Yiuf!
Crazy Yiuf is heavily wounded.
You block Crazy Yiuf's attack.
Crazy Yiuf says, "Ice cower rumpyflump!"
You block Crazy Yiuf's attack.
You closely miss Crazy Yiuf.
Crazy Yiuf is heavily wounded.
You block Crazy Yiuf's attack.
You hit Crazy Yiuf.
Crazy Yiuf is severely wounded.
Crazy Yiuf hits you with a +3 quarterstaff of chaos!
Ouch! That really hurt!
Crazy Yiuf burns you!
You die...

#....####.#
#...# ##..##
#.# #...#
♣....♣
#.######...#
♣)..♣♣
#...........
♣♣)♣♣
#...........
♣.♣♣
#####.......
♣♣)♣
####....
♣)♣♣ ..
#.... ♣♣@♣
###. #...)
#g# ..#.
##.#. ))) #
#.#.###.#.
#)))#
#.#.#.....##
#).)#
#.#.##.>###
#####
#....#..#
#....#..#
##...<...#
#........#


You could see Crazy Yiuf.

Vanquished Creatures
  2 bats (D:1)
  2 endoplasms (D:1)
  4 goblins
  A hobgoblin (D:1)
  4 kobolds (D:1)
  A quokka (D:1)
  3 ball pythons (D:1)
  A frilled lizard (D:1)
  A rat (D:1)
19 creatures vanquished.

Notes
Turn   | Place    | Note
-------+----------+-------------------------------------------
     0 | D:1      | Mickster the Demigod Fighter began the quest for the Orb.
     0 | D:1      | Reached XP level 1. HP: 18/18 MP: 3/3
   562 | D:1      | Reached XP level 2. HP: 22/25 MP: 4/4
   587 | D:1      | Reached skill level 3 in Armour
   850 | D:1      | Found Niro's Weapon Shop.
  1157 | D:2      | Found a runed translucent door.
  1160 | D:2      | Noticed Crazy Yiuf
  1168 | D:2      | Slain by Crazy Yiuf

Illustrated notes

Levels and vault maps discovered:
D:1:      dpeg_arrival_arbitrary_c, layout_loops_ring, serial_shops,
          nicolae_shop_trees, minmay_tetromino_l4
D:2:      layout_loops_ring, basic_altar, basic_ecumenical_altar, uniq_natasha,
          uniq_robin, uniq_crazy_yiuf_cottage

Skill      XL: |  1  2 |
---------------+-------+-----
Armour         | 3 |  3.0
Axes           | 2 |  2.1
Fighting       | |  2.8
Short Blades   | |  0.1
Shields        | |  2.9

Action                   || total
-------------------------++-------
Melee: Dagger            ||    12
       War axe           ||    36
       Mace              ||     4
  Use: Scroll            ||     4
       Potion            ||     3
Armor: Scale mail        ||    38
Dodge: Dodged            ||    32
Block: Buckler           ||    21
